Description

phi

Replay - Phi_vs_zerg

Build Order

Get SALT Encoding   

  12  0:01  Probe (Chrono Boost)  
  13  0:11  Probe (Chrono Boost)  
  14  0:19  Pylon  
  14  0:22  Probe (Chrono Boost)  
  15  0:37  Probe (Chrono Boost)  
  15  0:38  Gateway  
  16  0:48  Probe (Chrono Boost)  
  17  1:10  Nexus  
  17  1:15  Assimilator  
  17  1:25  Cybernetics Core  
  17  1:31  Assimilator  
  17  1:33  Probe (Chrono Boost)  
  18  1:41  Zealot  
  18  1:45  Probe (Chrono Boost)  
  21  1:51  Pylon  
  21  1:57  Probe (Chrono Boost)  
  22  2:03  Warp Gate  
  22  2:08  Adept  
  23  2:09  Probe (Chrono Boost)  
  25  2:21  Probe (Chrono Boost)  
  26  2:24  Probe (Chrono Boost)  
  27  2:35  Pylon, Mothership Core (Chrono Boost)  
  29  2:37  Probe (Chrono Boost)  
  29  2:40  Adept  
  32  2:49  Probe (Chrono Boost)  
  33  3:05  Gateway  
  33  3:07  Gateway  
  33  3:15  Gateway  
  33  3:18  Probe (Chrono Boost)  
  33  3:19  Probe (Chrono Boost)  
  35  3:21  Adept  
  37  3:29  Probe (Chrono Boost)  
  39  3:34  Probe (Chrono Boost)  
  39  3:44  Adept  
  41  3:50  Robotics Facility  
  41  3:58  Probe (Chrono Boost)  
  41  3:59  Probe (Chrono Boost)  
  43  4:14  Probe (Chrono Boost)  
  43  4:15  Probe (Chrono Boost)  
  45  4:20  Adept x3  
  45  4:21  Adept  
  53  4:24  Probe (Chrono Boost)  
  53  4:27  Pylon  
Spawning Tool Build Advisor. Get it on Overwolf

Go to:

Details

  • Created by: phi
  • Published on: Sep 25, 2016
  • Modified on: Sep 25, 2016
  • Patch: Pre-3.8.0
Show
View Real Time Build Order
Export as new Build Order

Comments (0)

There are no comments. Be the first!

Create an account to comment!